 Dungeon Crawl Stone Soup version 0.30-a0-715-gdb4ae3ece1 (webtiles) character file.

Game seed: 1584231429226124815

74 mopl the Chopper (level 4, 0/33 HPs)
             Began as a Formicid Warper on Jan 23, 2023.
             Slain by an adder (4 damage)
             ... on level 2 of the Dungeon.
             The game lasted 00:02:06 (1065 turns).

mopl the Chopper (Formicid Warper)                  Turns: 1065, Time: 00:02:06

Health: 0/33       AC:  3    Str: 17    XL:     4   Next: 54%
Magic:  7/7        EV: 11    Int: 13    God:
Gold:   34         SH:  0    Dex: 13    Spells: 7/7 levels left

rFire   . . .      SeeInvis +    a - +0 hand axe
rCold   . . .      Faith    .    (no shield)
rNeg    . . .      Spirit   .    b - +0 leather armour
rPois   .          Reflect  .    (helmet unavailable)
rElec   .          Harm     .    (no cloak)
rCorr   .          Rampage  .    (no gloves)
Will    .....                    (no boots)
Stlth   +                        (no amulet)
HPRegen 0.25/turn                (no ring)
MPRegen 0.10/turn                (no ring)

@: no status effects
A: permanent stasis, dig shafts and tunnels, antennae 3, four strong arms
a: Dig, Shaft Self


You were on level 2 of the Dungeon.
You visited 1 branch of the dungeon, and saw 2 of its levels.

You collected 34 gold pieces.

Inventory:

Hand Weapons
 a - a +0 hand axe (weapon)
Missiles
 d - 7 boomerangs of dispersal (quivered)
Armour
 b - a +0 leather armour (worn)
 j - a +0 plate armour
Magical Staves
 i - a staff of conjuration
Scrolls
 c - a scroll of blinking
 e - 3 scrolls of identify {unknown}
 f - a scroll of teleportation {unknown}
 g - a scroll of poison {unknown}
 h - a scroll of summoning {unknown}
Potions
 k - a potion of mutation {unknown}


   Skills:
 - Level 2.1 Fighting
 * Level 3.8 Axes
 - Level 1.0 Throwing
 - Level 1.1 Armour
 - Level 1.7 Dodging
 - Level 2.1 Spellcasting
 + Level 3.3 Translocations


You had 7 spell levels left.
You didn't know any spells.
Your spell library contained the following spells:

 Spells                   Type           Power      Damage    Failure   Level
 Lesser Beckoning         Tloc           20%        N/A       12%         2
 Teleport Other           Tloc           10%        N/A       22%         3
 Vhi's Electric Charge    Tloc/Air       10%        N/A       41%         3
 Manifold Assault         Tloc           10%        N/A       58%         4
 Blink                    Tloc           Unusable   N/A       N/A         2

Dungeon Overview and Level Annotations

Branches:
Dungeon (2/15)

Altars:


Innate Abilities, Weirdness & Mutations

You cannot be hasted, slowed, berserked, paralysed or teleported.
You can dig through walls and to a lower floor.
You have a pair of large antennae on your head. (SInv)
Your four strong arms can wield two-handed weapons with a shield.


Message History

You are too injured to fight recklessly!
You are too injured to fight recklessly!
You are too injured to fight recklessly!
You are too injured to fight recklessly!
You are too injured to fight recklessly!
You are too injured to fight recklessly!
You are too injured to fight recklessly!
You are too injured to fight recklessly!
You are too injured to fight recklessly!
You are too injured to fight recklessly!
You miss the adder.
The adder is moderately wounded.
You feel sick. The adder closely misses you.
You hit the adder.
The adder is moderately wounded.
You feel sick. The adder bites you but does no damage.
You barely miss the adder.
The adder is moderately wounded.
You feel sick. The adder bites you. The adder closely misses you.
You hit the adder.
The adder is almost dead.
You feel sick. The adder barely misses you.
You barely miss the adder.
The adder is almost dead.
You feel sick. The adder bites you.
* * * LOW HITPOINT WARNING * * *
The adder bites you.
* * * LOW HITPOINT WARNING * * *
You hit the adder but do no damage.
The adder is almost dead.
You feel sick. The adder misses you.
You closely miss the adder.
The adder is almost dead.
You feel sick.
You are no longer poisoned.
The adder bites you but does no damage. The adder barely misses you.
You closely miss the adder.
The adder is almost dead.
The adder bites you.
You die...

# #.#.#
##.#.# #....#
#....#
#....##
##.##..## #
#..#8..8#
#.#........#
#..@....>...
##S!.#8..8###
.....##..##
....#### ..#
=..... .#
..#.#. .# .
#.#. { #


You could see an adder.

Vanquished Creatures
  3 adders (D:2)
  A dart slug (D:1)
  4 ball pythons
  4 bats
  4 endoplasms
  2 giant cockroaches (D:1)
  A goblin (D:1)
  6 hobgoblins (D:1)
  2 jackals (D:2)
  5 kobolds (D:1)
  3 quokkas
  3 frilled lizards
  3 rats
41 creatures vanquished.

Notes
Turn   | Place    | Note
-------+----------+-------------------------------------------
     0 | D:1      | mopl the Formicid Warper began the quest for the Orb.
     0 | D:1      | Reached XP level 1. HP: 16/16 MP: 3/3
    36 | D:1      | Reached XP level 2. HP: 5/22 MP: 5/5
   202 | D:1      | Reached skill level 3 in Translocations
   209 | D:1      | HP: 1/22 [frozen (4)]
   212 | D:1      | Reached XP level 3. HP: 2/27 MP: 6/6
   344 | D:1      | Reached skill level 3 in Axes
   792 | D:2      | Reached XP level 4. HP: 17/33 MP: 7/7
  1065 | D:2      | Slain by an adder

Illustrated notes

Levels and vault maps discovered:
D:1:      spicycebolla_arrival_risky_transporter, layout_rooms
D:2:      layout_basic, st_stairs_6, chequers_serial_rivers_large_b

Skill      XL: |  1  2  3 |
---------------+----------+-----
Translocations | 3 |  3.3
Axes           | 3 |  3.8
Fighting       | |  2.1
Throwing       | |  1.0
Armour         | |  1.1
Dodging        | |  1.7
Spellcasting   | |  2.1

Action                     |  1- 3 |  4- 6 || total
---------------------------+-------+-------++-------
  Melee: Hand axe          |   117 |    38 ||   155
         Punch             |       |     1 ||     1
   Stab: Sleeping          |     1 |       ||     1
 Armour: Leather armour    |    38 |     9 ||    47
  Dodge: Dodged            |    79 |    35 ||   114

Table legend: (Time is in decaauts)
 A = Elapsed time spent in this place.
 B = Non-inter-level travel time spent in this place.
 C = Inter-level travel time spent in this place.
 D = Time resting spent in this place.
 E = Time spent auto-exploring this place.
 F = Levels seen in this place.
 G = Mean time per level.
                   A        B        C        D        E       F      G
               +--------+--------+--------+--------+--------+-----+--------+
         Total |   1087 |   1019 |     68 |    357 |    309 |   2 |  543.5 |
       Dungeon |   1087 |   1019 |     68 |    357 |    309 |   2 |  543.5 |
               +--------+--------+--------+--------+--------+-----+--------+

Top non-repeatable levels by time:
     D:1: 627 daAuts
     D:2: 460 daAuts
